 Dungeon Crawl Stone Soup version 0.31-a0-983-g7b6862f502 (webtiles) character file.

Game seed: 1672405578297457373

1514 Persephone the Cleaver (level 8, -7/46 HPs)
             Began as a Gargoyle Fighter on Nov 1, 2023.
             Was an Initiate of Okawaru.
             Killed by divine providence
             ... invoked by Jeremiah
              (11 damage)
             ... on level 6 of the Dungeon on Nov 2, 2023.
             The game lasted 00:10:12 (4509 turns).

Persephone the Cleaver (Gargoyle Fighter)           Turns: 4509, Time: 00:10:13

Health: -7/46      AC: 19    Str: 22    XL:     8   Next: 83%
Magic:  8/8        EV:  6    Int:  9    God:    Okawaru [......]
Gold:   1050       SH:  4    Dex:  9    Spells: 7/7 levels left

rFire   + . .        a - +0 war axe
rCold   + . .        c - +0 buckler
rNeg    + . .        h - +0 plate armour
rPois   ∞            q - +0 helmet
rElec   +            v - +0 cloak
rCorr   .            (no gloves)
SInv    .            (no boots)
Will    .....        (no amulet) Stlth
                     e - ring of protection from fire
HPRegen 0.27/turn    u - ring of protection from cold
MPRegen 0.11/turn

%: no passive effects
@: no status effects
A: sickness immunity, AC +5, negative energy resistance 1, electricity
resistance, torment resistance 1, petrification resistance
a: Renounce Religion


You were on level 6 of the Dungeon.
You worshipped Okawaru.
Okawaru was noncommittal.
You visited 2 branches of the dungeon, and saw 7 of its levels.

You collected 1050 gold pieces.

Inventory:

Hand Weapons
 a - a +0 war axe (weapon)
Armour
 c - a +0 buckler (worn)
 h - a +0 plate armour (worn)
 q - a +0 helmet (worn)
 v - a +0 cloak (worn)
Jewellery
 e - a ring of protection from fire (left hand)
 u - a ring of protection from cold (right hand)
 A - a ring of positive energy
 B - a ring of flight
 C - a ring of see invisible
Wands
 j - a wand of roots (12)
 l - a wand of digging (1)
 m - a wand of flame (29)
Scrolls
 i - a scroll of teleportation
 n - a scroll of immolation {unknown}
 r - a scroll of vulnerability
 s - a scroll of identify
Potions
 b - a potion of berserk rage {unknown}
 d - 2 potions of might
 f - a potion of haste
 g - 2 potions of brilliance {unknown}
 k - a potion of heal wounds
 o - 2 potions of curing
 p - 2 potions of degeneration {unknown}
 t - a potion of enlightenment {unknown}
 x - a potion of ambrosia {unknown}


   Skills:
 - Level 3.2 Fighting
 + Level 10.0 Axes
 - Level 3.2 Armour
 - Level 3.2 Shields


You had 7 spell levels left.
You didn't know any spells.
Your spell library contained the following spells:

 Spells                   Type           Power      Damage    Failure   Level
 Freeze                   Ice            0%         1d3       100%        1
 Magic Dart               Conj           0%         1d3       100%        1
 Searing Ray              Conj           0%         2d4       100%        2
 Frozen Ramparts          Ice            0%         1d1       100%        3
 Hailstorm                Conj/Ice       0%         3d3       100%        3
 Fulminant Prism          Conj/Hex       0%         3d5       100%        4


Dungeon Overview and Level Annotations

Branches:
Dungeon (6/15)             Temple (1/1) D:5

Altars:
Ashenzari
Cheibriados
Gozag
Kikubaaqudgha
Makhleb
Okawaru
Qazlal
Ru
Uskayaw
Vehumet
Wu Jian
Yredelemnul
Zin

Shops:
D:3 !

Annotations:
D:6 Jeremiah


Innate Abilities, Weirdness & Mutations

You are immune to sickness and miasma.
Your stone body is resilient. (AC +5)
You are immune to poison.
You resist negative energy. (rN+)
You are resistant to electric shocks. (rElec)
You are resistant to unholy torment.
You are immune to petrification.


Message History

You kill the butterfly!
The butterfly disappears in a burst of colours!
Jeremiah hits you but does no damage.
You miss Jeremiah.
Jeremiah is severely wounded.
You barely miss the butterfly. You miss the butterfly.
The butterfly disappears in a burst of colours!
Jeremiah lets out a twisted cry.
Something smites you!
* * * LOW HITPOINT WARNING * * *
You closely miss Jeremiah.
Jeremiah is severely wounded.
You barely miss the butterfly. You slash the butterfly!
You kill the butterfly!
The butterfly disappears in a burst of colours!
Jeremiah hits you but does no damage.
You feel much better.
The butterfly disappears in a burst of colours!
Jeremiah cries, "Fearful master, protect me!"
Something smites you!
You slash Jeremiah!
Jeremiah is almost dead.
You hit the butterfly.
You kill the butterfly!
The butterfly disappears in a burst of colours!
You barely miss the butterfly.
The butterfly disappears in a burst of colours! x3
Jeremiah shouts, "O dreadful one, destroy my foe!"
Something smites you!
* * * LOW HITPOINT WARNING * * *
Jeremiah hits you with a +2 trident of draining.
* * * LOW HITPOINT WARNING * * *
You hit Jeremiah.
Jeremiah is almost dead.
You miss the butterfly. You hit the butterfly but do no damage.
The butterfly disappears in a burst of colours!
Jeremiah mumbles a slurred invocation.
Something smites you!
You die...
Jeremiah asks, "What happened?
Did... did you die?"

#
#.###...##..#....
#
#.....#.).......#
#
#####...######..#
# ##.## b# # #.#
..# # #.# ####b.#
# #.# #bbbb.### #
#.# #bFbb.... #
#.# #@# #.####.#
#....bb# ######.#
#.# #.# #.# #.#
#.#


You could see Jeremiah.

Vanquished Creatures
  Sigmund (D:5)
  2 water moccasins
  A black bear (D:6)
  A centaur (D:6)
  An ogre (D:5)
  A phantom (D:4)
  Blork the orc (D:6)
  A scorpion (D:5)
  A howler monkey (D:6)
  5 jellies
  2 hounds
  An orc priest (D:6)
  Crazy Yiuf (D:3)
  2 sleepcaps
  Terence (D:2)
  2 iguanas
  An orc wizard (D:6)
  Robin (D:3)
  4 gnolls
  6 adders
  A white imp (D:4)
  2 ufetubi (D:4)
  A dart slug (D:3)
  11 orcs
  4 ball pythons
  7 bats
  18 endoplasms
  3 giant cockroaches
  10 hobgoblins
  4 jackals (D:2)
  2 quokkas
  A frilled lizard (D:1)
  14 goblins
  11 kobolds
  6 rats
131 creatures vanquished.

Notes
Turn   | Place    | Note
-------+----------+-------------------------------------------
     0 | D:1      | Persephone the Gargoyle Fighter began the quest for the
                  | Orb.
     0 | D:1      | Reached XP level 1. HP: 14/14 MP: 1/1
     9 | D:1      | Reached skill level 2 in Axes
     9 | D:1      | Reached XP level 2. HP: 17/19 MP: 2/2
   132 | D:1      | Reached skill level 3 in Axes
   188 | D:1      | Reached XP level 3. HP: 23/23 MP: 3/3
   798 | D:2      | Noticed Terence
   802 | D:2      | Killed Terence
   803 | D:2      | Reached skill level 4 in Axes
   803 | D:2      | Reached XP level 4. HP: 28/28 MP: 4/4
  1485 | D:3      | Found Ixowaramm's Distillery.
  1596 | D:3      | Reached XP level 5. HP: 22/32 MP: 5/5
  1638 | D:3      | Found a sacrificial altar of Ru.
  1638 | D:3      | Found a broken altar of Ashenzari.
  1638 | D:3      | Found a glowing silver altar of Zin.
  1638 | D:3      | Found a burning altar of Makhleb.
  1638 | D:3      | Found a broken altar of Ashenzari.
  1638 | D:3      | Found a radiant altar of Vehumet.
  1654 | D:3      | Reached skill level 5 in Axes
  1799 | D:3      | Noticed Robin
  1828 | D:3      | Killed Robin
  2027 | D:3      | Found a runed translucent door.
  2029 | D:3      | Noticed Crazy Yiuf
  2039 | D:3      | Killed Crazy Yiuf
  2040 | D:3      | Reached XP level 6. HP: 21/37 MP: 6/6
  2386 | D:4      | Reached skill level 6 in Axes
  2411 | D:4      | Noticed a water moccasin
  2424 | D:4      | Killed a water moccasin
  2425 | D:4      | Reached XP level 7. HP: 26/41 MP: 7/7
  2558 | D:4      | Upgraded the game from 0.31-a0-981-geadf994542 to
                  | 0.31-a0-983-g7b6862f502
  2623 | D:4      | Found a snail-covered altar of Cheibriados.
  2639 | D:4      | Reached skill level 7 in Axes
  2660 | D:4      | Found a basalt altar of Yredelemnul.
  2660 | D:4      | You fall into a shaft and drop 2 floors!
  2834 | D:6      | Noticed Blork the orc
  2842 | D:6      | Killed Blork the orc
  2843 | D:6      | Reached skill level 8 in Axes
  2848 | D:6      | Reached XP level 8. HP: 38/46 MP: 8/8
  2939 | D:5      | Entered Level 5 of the Dungeon
  3505 | D:4      | Identified a scroll of acquirement
  3505 | D:4      | Acquired 656 gold pieces
  3711 | D:5      | Found an ancient bone altar of Kikubaaqudgha.
  3899 | D:5      | Noticed Sigmund
  3906 | D:5      | Killed Sigmund
  3907 | D:5      | Reached skill level 9 in Axes
  3918 | D:5      | Found a staircase to the Ecumenical Temple.
  3963 | Temple   | Entered the Ecumenical Temple
  3975 | Temple   | Became a worshipper of Warmaster Okawaru
  4107 | D:5      | Found a glowing silver altar of Zin.
  4138 | D:5      | Found an opulent altar of Gozag.
  4479 | D:6      | Reached skill level 10 in Axes
  4488 | D:6      | Noticed Jeremiah
  4509 | D:6      | Killed from afar by Jeremiah

Illustrated notes

Levels and vault maps discovered:
D:1:      minmay_arrival_glassed_features, layout_basic
D:2:      layout_loops_cross, uniq_terence
D:3:      cheibrodos_fertilizer, layout_rooms, serial_shops, shop,
          uniq_crazy_yiuf_cottage, uniq_robin
D:4:      layout_basic, nicolae_overflow_squiral, serial_curves, eino_curves_03,
          eino_curves_02
D:5:      layout_loops_corners, pdpol_temple_overflow_zin_treasury_gozag_greed,
          mainiacjoe_overflow_small_starburst, minmay_temple_entry_poolview,
          uniq_sigmund
D:6:      layout_loops_ring, eino_tiny_chamber, uniq_blork_the_orc,
          uniq_jeremiah
Temple:   nicolae_temple_stand_before_the_council

Skill      XL: |  1  2  3  4  5  6  7  8 |
---------------+-------------------------+-----
Axes           | 2 3 4 5 6 8 10 | 10.0
Fighting       | |  3.2
Armour         | |  3.2
Shields        | |  3.2

Action                     |  1- 3 |  4- 6 |  7- 9 || total
---------------------------+-------+-------+-------++-------
  Melee: War axe           |    80 |   157 |   196 ||   433
    Use: Potion            |       |     1 |     1 ||     2
         Scroll            |       |       |    11 ||    11
 Armour: Scale mail        |    36 |       |       ||    36
         Plate armour      |    41 |   151 |   239 ||   431
  Dodge: Dodged            |    39 |    52 |    76 ||   167
  Block: Buckler           |    24 |    30 |    40 ||    94

Table legend: (Time is in decaauts)
 A = Elapsed time spent in this place.
 B = Non-inter-level travel time spent in this place.
 C = Inter-level travel time spent in this place.
 D = Time resting spent in this place.
 E = Time spent auto-exploring this place.
 F = Levels seen in this place.
 G = Mean time per level.
                   A        B        C        D        E       F      G
               +--------+--------+--------+--------+--------+-----+--------+
         Total |   4610 |   4403 |    207 |      0 |   3460 |   7 |  658.6 |
       Dungeon |   4586 |   4401 |    185 |      0 |   3460 |   6 |  764.3 |
        Temple |     24 |      2 |     22 |      0 |      0 |   1 |   24.0 |
               +--------+--------+--------+--------+--------+-----+--------+

Top non-repeatable levels by time:
     D:5: 964 daAuts
     D:4: 942 daAuts
     D:3: 784 daAuts
     D:2: 782 daAuts
     D:1: 628 daAuts
     D:6: 483 daAuts
  Temple: 24 daAuts
